 Dungeon Crawl Stone Soup version 0.29-a0-872-g797fff5ad1 (webtiles) character file.

Game seed: 2301580413454777616

303 greenreed the Cudgeller (level 6, -7/53 HPs)
             Began as a Minotaur Fighter on July 18, 2022.
             Was an Initiate of Yredelemnul.
             Killed by divine providence
             ... invoked by an orc priest
              (9 damage)
             ... on level 4 of the Dungeon.
             The game lasted 00:06:29 (2720 turns).

greenreed the Cudgeller (Minotaur Fighter)          Turns: 2720, Time: 00:06:29

Health: -7/53      AC:  8    Str: 22    XL:     6   Next: 15%
Magic:  5/5        EV:  9    Int:  5    God:    Yredelemnul [......]
Gold:   81         SH:  4    Dex: 10    Spells: 5/5 levels left

rFire   . . .      SeeInvis .   a - +0 flail
rCold   . . .      Faith    .   c - +0 buckler
rNeg    . . .      Spirit   .   b - +0 scale mail
rPois   .          Reflect  .   (helmet restricted)
rElec   .          Harm     .   (no cloak)
rCorr   .          Rampage  .   (no gloves)
Will    .....                   i - +0 pair of boots
Stlth   ..........              (no amulet)
HPRegen 0.17/turn               o - ring of flight
MPRegen 0.09/turn               l - ring of wizardry

@: flying
A: horns 2, retaliatory headbutt
a: Renounce Religion, Recall Undead Harvest


You were on level 4 of the Dungeon.
You worshipped Yredelemnul.
Yredelemnul was noncommittal.
You visited 1 branch of the dungeon, and saw 4 of its levels.

You collected 81 gold pieces.

Inventory:

Hand Weapons
 a - a +0 flail (weapon)
Missiles
 h - 12 poisoned darts (quivered)
 v - 6 javelins
Armour
 b - a +0 scale mail (worn)
 c - a +0 buckler (worn)
 i - a +0 pair of boots (worn)
Magical Staves
 p - a staff of cold
Jewellery
 l - a ring of wizardry (right hand)
 o - a ring of flight (left hand)
 s - a ring of resist corrosion
Scrolls
 e - a scroll of brand weapon {unknown}
 g - 4 scrolls of identify {unknown}
 j - a scroll of vulnerability {unknown}
 m - 4 scrolls of fog {unknown}
 u - a scroll of noise {unknown}
Potions
 d - a potion of might
 f - 2 potions of cancellation {unknown}
 k - 2 potions of attraction {unknown}
 n - 3 potions of curing {unknown}
 q - 2 potions of lignification {unknown}
 r - a potion of mutation {unknown}
 t - a potion of flight {unknown}


   Skills:
 + Level 4.5 Fighting
 + Level 6.0 Maces & Flails
 + Level 4.6 Armour
 + Level 1.0 Dodging
 - Level 0.1 Stealth
 + Level 4.3 Shields
 * Level 0.4 Invocations


You had 5 spell levels left.
You didn't know any spells.
Your spell library contained the following spells:

 Spells                   Type           Power      Damage    Failure   Level
 Frozen Ramparts          Ice            0%         1d2       88%         3
 Ice Form                 Ice/Tmut       0%         N/A       99%         4
 Summon Ice Beast         Ice/Summ       0%         N/A       99%         4


Dungeon Overview and Level Annotations

Branches:
Dungeon (4/15)
 Temple: D:4-7

Altars:
Yredelemnul


Innate Abilities, Weirdness & Mutations

You have a pair of horns on your head.
You reflexively headbutt those who attack you in melee.


Message History

The puff of flame hits you.
You closely miss the orc wizard.
The orc wizard is almost dead.
The orc priest hits you with a +0 war axe!
The orc wizard barely misses you.
You're too confused to move!
The orc priest hits you but does no damage.
The orc wizard casts a spell at you.
You are more confused.
You're too confused to move!
The orc wizard casts a spell.
The orc wizard flickers and vanishes!
Deactivating autopickup; reactivate with Ctrl-A.
The orc priest calls down the wrath of Beogh upon you.
Beogh smites you!
The orc throws a boomerang.
The boomerang hits you.
* * * LOW HITPOINT WARNING * * *
You completely miss the orc priest. The orc priest closely misses you.
The orc throws a boomerang.
The boomerang hits you but does no damage.
You bump into the rock wall.
The orc priest hits you with a +0 war axe.
* * * LOW HITPOINT WARNING * * *
You hear some strange, mumbled words.
A magic dart appears from out of thin air!
The magic dart hits you.
* * * LOW HITPOINT WARNING * * *
The orc priest hits you with a +0 war axe!
* * * LOW HITPOINT WARNING * * *
You bump into the rock wall.
You feel less confused. The orc priest closely misses you.
You furiously retaliate!
You headbutt the orc priest, but do no damage.
You block something's attack.
The orc priest attacks as you move away!
The orc priest misses you. You furiously retaliate!
You headbutt the orc priest.
The orc priest calls down the wrath of Beogh upon you.
Beogh smites you!
You die...
Your body rises from the dead as a mindless zombie.

#.#...###..#.#.# #)#
#>##.## ####.#.# #.#
#....# ..#.#.###.#
######.
#.#...#...####.#
##$..#.######.......#
.........o.o..#######.#
......##...#..#.......#
..... #.#.#o##.#######
.... ...#.#@...# ...
#.###.#<#### .. #.
#.#..# . # #.##.#
#....# ######


You could see 2 orc priests.

Vanquished Creatures
  An ogre (D:3)
  A jelly (D:4)
  An orc priest (D:3)
  2 orc wizards (D:3)
  4 adders (D:2)
  3 worms
  3 dart slugs
  4 orcs (D:3)
  6 bats
  3 endoplasms
  A giant cockroach (D:1)
  11 goblins
  4 hobgoblins
  3 jackals (D:2)
  8 kobolds
  3 quokkas
  2 ball pythons (D:1)
  2 frilled lizards
  5 rats
67 creatures vanquished.

Vanquished Creatures (collateral kills)
  A goblin (D:3)
1 creature vanquished.

Vanquished Creatures (others)
  A dart slug zombie (D:3)
  3 goblin zombies (D:3)
  3 orc zombies (D:3)
  A rat zombie (D:3)
  2 fungi (D:2)
10 creatures vanquished.

Grand Total: 78 creatures vanquished

Notes
Turn   | Place    | Note
-------+----------+-------------------------------------------
     0 | D:1      | greenreed the Minotaur Fighter began the quest for the Orb.
     0 | D:1      | Reached XP level 1. HP: 19/19 MP: 0/0
    90 | D:1      | Reached XP level 2. HP: 23/27 MP: 1/1
   466 | D:1      | Reached XP level 3. HP: 33/33 MP: 2/2
   653 | D:2      | Reached skill level 3 in Maces & Flails
   893 | D:2      | Reached XP level 4. HP: 33/40 MP: 3/3
   896 | D:2      | Found a faded altar of an unknown god.
  1005 | D:2      | Prayed at the altar of an unknown god.
  1005 | D:2      | Became a worshipper of Yredelemnul the Dark
  1005 | D:2      | Reached * piety under Yredelemnul
  1353 | D:3      | Identified the +3 leather armour of the Aged Dreams {Int+4}
  1804 | D:3      | Reached skill level 4 in Maces & Flails
  1823 | D:3      | Reached XP level 5. HP: 24/46 MP: 4/4
  1983 | D:3      | Reached skill level 5 in Maces & Flails
  2401 | D:3      | Noticed an ogre
  2421 | D:3      | Killed an ogre
  2422 | D:3      | Reached skill level 1 in Dodging
  2423 | D:3      | Reached XP level 6. HP: 35/53 MP: 5/5
  2674 | D:4      | Reached skill level 6 in Maces & Flails
  2715 | D:4      | HP: 1/53 [orc priest/+0 war axe (9)]
  2720 | D:4      | Killed from afar by an orc priest

Illustrated notes

Levels and vault maps discovered:
D:1:      dpeg_arrival_boxes_within_box, layout_basic,
          chequers_serial_rivers_large_a
D:2:      layout_rooms, dreamdust_ecumenical_altar_grove
D:3:      layout_loops_ring, minmay_ogre_servants
D:4:      layout_basic, temple_pool_b

Skill      XL: |  1  2  3  4  5  6 |
---------------+-------------------+-----
Shields        | 4 |  4.3
Armour         | 4 |  4.6
Fighting       | 4 |  4.5
Maces & Flails | 3 4 5 6 |  6.0
Dodging        | 1 |  1.0
Stealth        | |  0.1
Invocations    | |  0.4

Action                   |  1- 3 |  4- 6 || total
-------------------------+-------+-------++-------
Melee: Flail             |    74 |    93 ||   167
       Headbutt          |    10 |     9 ||    19
Throw: Dart              |       |     1 ||     1
Invok: Recall Undead Har |       |     3 ||     3
Armor: Scale mail        |    56 |    44 ||   100
Dodge: Dodged            |    47 |    33 ||    80
Block: Buckler           |    24 |    17 ||    41

Table legend: (Time is in decaauts)
 A = Elapsed time spent in this place.
 B = Non-inter-level travel time spent in this place.
 C = Inter-level travel time spent in this place.
 D = Time resting spent in this place.
 E = Time spent auto-exploring this place.
 F = Levels seen in this place.
 G = Mean time per level.
                   A        B        C        D        E       F      G
               +--------+--------+--------+--------+--------+-----+--------+
         Total |   2769 |   2479 |    290 |      0 |   2035 |   4 |  692.2 |
       Dungeon |   2769 |   2479 |    290 |      0 |   2035 |   4 |  692.2 |
               +--------+--------+--------+--------+--------+-----+--------+

Top non-repeatable levels by time:
     D:3: 1080 daAuts
     D:2: 797 daAuts
     D:1: 734 daAuts
     D:4: 156 daAuts
